 Dungeon Sprint DCSS version 0.19.4-10-g532645f (console) character file.

0 itsmu the Skirmisher (level 1, 0/19 HPs)
             Began as a Ghoul Fighter on Feb 26, 2017.
             Slain by a worker ant (3 damage)
             ... in the Dungeon (Sprint VI: "Thunderdome").
             The game lasted 00:00:43 (31 turns).

itsmu the Skirmisher (Ghoul Fighter)                  Turns: 31, Time: 00:00:44

Health: 0/19       AC:  6    Str: 19    XL:     1   Next: 10%
Magic:  0/0        EV:  7    Int:  3    God:
Gold:   200        SH:  8    Dex:  8    Spells: 0 memorised, 0 levels left

rFire  . . .     SeeInvis .       - Unarmed
rCold  + . .     Gourm    .     a - +0 scale mail
rNeg   + + +     Faith    .     b - +0 shield
rPois  ∞         Spirit   .     (no helmet)
rElec  .         Reflect  .     (no cloak)
rCorr  .         Harm     .     (no gloves)
MR     .....     NoTele   +     (no boots)
Stlth  ..........               (no amulet)
                                (no ring)
                                (no ring)

@: rotting
A: rotting body, claws 1, carnivore 3, cold resistance 1, negative energy
resistance 3, slow regeneration 1, torment resistance, unbreathing
a: no special abilities


You were in the Dungeon.
You were not hungry.

You visited 1 branch You collected 200 gold pieces.

Inventory:

Armour
 a - a +0 scale mail (worn)
 b - a +0 shield (worn)
Wands
 l - a wand of acid (5/15)
   (You found it in the Dungeon)
 m - a wand of iceblast (5/15)
   (You found it in the Dungeon)
Scrolls
 j - 4 scrolls of blinking
 n - 3 scrolls of fog
Potions
 c - a potion of might
 e - a potion of curing
 f - 4 potions of heal wounds
 g - 4 potions of haste
 h - 2 potions of magic
 i - a potion of berserk rage
 k - a potion of resistance
Comestibles
 d - a meat ration


   Skills:
 + Level 3.4 Fighting
 + Level 2.8 Armour
 + Level 2.8 Shields
 + Level 2.3 Unarmed Combat


You couldn't memorise any spells.
You didn't know any spells.

Dungeon Overview and Level Annotations

Branches:
Dungeon (1/1)

Altars:
Kikubaaqudgha
Okawaru
Trog
Uskayaw
Vehumet
Jiyva

Shops:
D *[%?


Innate Abilities, Weirdness & Mutations

Your body is rotting away.
You thrive on raw meat.
You are immune to poison.
You have sharp fingernails.
You are carnivorous and can eat meat at any time.
Your flesh is cold resistant. (rC+)
You are immune to negative energy. (rN+++)
You regenerate slowly when monsters are visible.
You are immune to unholy pain and torment.
You can survive without breathing.


Message History

The worker ant is moderately wounded.
The worker ant bites you. x2
You scratch the worker ant.
The worker ant is heavily wounded.
The worker ant closely misses you.
Your shield prevents you from hitting the worker ant.
The worker ant is heavily wounded.
You block the worker ant's attack.
You scratch the worker ant.
The worker ant is severely wounded.
The worker ant bites you.
* * * LOW HITPOINT WARNING * * *
Your scale mail prevents you from hitting the worker ant.
The worker ant is severely wounded.
The worker ant barely misses you. The worker ant bites you.
* * * LOW HITPOINT WARNING * * *
You scratch the worker ant.
The worker ant is almost dead.
The worker ant bites you.
You die...

.... #_.......
#_.......
###.........###
#⌠........ ..⌠#
######.8...... ..8.#
##∩.__......# .....
#∩..Ma....8.# .8...
#.............###.....
#⌠..........###...#
#⌠..........# #.<.#
#⌠..........# #...#
##.............###...
###∩........8. .8...
##∩_._...... .....
######.8... ..8.#


You could see a worker ant.

Vanquished Creatures
  A rat (D)
1 creature vanquished.

Notes
Turn   | Place    | Note
-------+----------+-------------------------------------------
     0 | D        | itsmu the Ghoul Fighter began the quest for the Orb.
     0 | D        | Reached XP level 1. HP: 19/19 MP: 0/0
     5 | D        | Round 1.
     6 | D        | Noticed a worker ant
     8 | D        | Found a bloodstained altar of Trog.
     8 | D        | Found an ancient bone altar of Kikubaaqudgha.
     9 | D        | Found a radiant altar of Vehumet.
     9 | D        | Found a hide-covered altar of Uskayaw.
    10 | D        | Found an iron altar of Okawaru.
    11 | D        | Found Geatalidu's Bee Food.
    11 | D        | Found a viscous altar of Jiyva.
    11 | D        | Found Kanush's Identification Station.
    12 | D        | Found Raocvian's Jewellery.
    12 | D        | Found Qachifoz's Advanced Armour.
    31 | D        | Slain by a worker ant

Action                   || total
-------------------------++-------
Melee: Unarmed           ||    15
Armor: Scale mail        ||     1
Dodge: Dodged            ||     4
Block: Shield            ||     6
